 Seeded DCSS version 0.31-a0-819-gf6de2f5ab6 (webtiles) character file.

Game seed: 20230924 (custom seed)

2031 greenreed the Thaumaturge (level 9, -13/45 HPs)
             Began as a Deep Elf Fire Elementalist on Sept 24, 2023.
             Was a Follower of Vehumet.
             Killed by divine providence
             ... invoked by an orc priest
              (16 damage)
             ... on level 7 of the Dungeon.
             The game lasted 00:14:04 (6114 turns).

greenreed the Thaumaturge (DEFE)                    Turns: 6114, Time: 00:14:04

Health: -13/45     AC:  3    Str:  5    XL:     9   Next: 3%
Magic:  7/33       EV: 15    Int: 25    God:    Vehumet [*.....]
Gold:   406        SH:  0    Dex: 15    Spells: 16/26 levels left

rFire   . . .        (no weapon)
rCold   . . .        (no shield)
rNeg    . . .        a - +0 robe
rPois   .            (no helmet)
rElec   .            j - +0 cloak
rCorr   .            (no gloves)
SInv    .            (no boots)
Will    .....        B - amulet of faith
Stlth   ++           y - ring of magical power
HPRegen 0.27/turn    (no ring)
MPRegen 0.23/turn

%: faith
@: swift (expiring), very quick
A: no striking features
a: Renounce Religion


You were on level 7 of the Dungeon.
You worshipped Vehumet.
Vehumet was aware of your devotion.
You visited 2 branches of the dungeon, and saw 8 of its levels.

You collected 406 gold pieces.

Inventory:

Hand Weapons
 f - a +2 dagger of freezing
 i - a +0 short sword of venom
 p - a +1 short sword of holy wrath
Missiles
 m - 2 throwing nets
Armour
 a - a +0 robe (worn)
 j - a +0 cloak (worn)
 A - a +3 leather armour of cold resistance
Jewellery
 r - a +6 ring of strength
 x - an amulet of guardian spirit
 y - a ring of magical power (left hand)
 B - an amulet of faith (around neck)
Wands
 t - a wand of flame (5)
 C - a wand of iceblast (10)
Scrolls
 g - 2 scrolls of teleportation {unknown}
 n - 2 scrolls of identify {unknown}
 o - a scroll of silence {unknown}
 q - a scroll of enchant weapon {unknown}
 u - a scroll of blinking {unknown}
 v - 2 scrolls of fog {unknown}
 w - a scroll of immolation {unknown}
 z - a scroll of vulnerability {unknown}
Potions
 b - a potion of magic
 c - 3 potions of invisibility {unknown}
 d - 3 potions of brilliance {unknown}
 e - 2 potions of enlightenment {unknown}
 h - 3 potions of might {unknown}
 k - 2 potions of heal wounds {unknown}
 l - 2 potions of curing {unknown}
 s - 2 potions of attraction {unknown}


   Skills:
 + Level 6.2 Dodging
 - Level 2.8 Stealth
 * Level 9.4 Spellcasting
 * Level 7.0 Conjurations
 + Level 6.2 Fire Magic
 + Level 1.5 Air Magic


You had 16 spell levels left.
You knew the following spells:

 Your Spells              Type           Power      Damage    Failure   Level
a - Foxfire               Conj/Fire      100%       2x1d9     1%          1
b - Scorch                Fire           84%        2d8       1%          2
c - Inner Flame           Hex/Fire       27%        N/A       4%          3
d - Sandblast             Erth           22%        2d7       5%          1
e - Swiftness             Air            19%        N/A       9%          3

Your spell library contained the following spells:

 Spells                   Type           Power      Damage    Failure   Level
 Shock                    Conj/Air       100%       1d9       1%          1
 Flame Wave               Conj/Fire      45%        2d12      3%          4
 Volatile Blastmotes      Fire/Tloc      54%        2d14      4%          3
 Apportation              Tloc           22%        N/A       5%          1
 Jinxbite                 Hex            22%        N/A       8%          2
 Airstrike                Air            9%         2d(2-18)  28%         4
 Alistair's Intoxication  Tmut/Pois      7%         N/A       82%         5


Dungeon Overview and Level Annotations

Branches:
Dungeon (8/15)             Temple (1/1) D:4
   Lair: D:8-11

Altars:
Ashenzari
Cheibriados
Dithmenos
Elyvilon
Fedhas
Gozag
Kikubaaqudgha
Nemelex Xobeh
Okawaru
Qazlal
Sif Muna
Trog
Vehumet
Wu Jian
Yredelemnul
Zin
The Shining One


Message History

The centaur shoots an arrow.
The arrow misses you.
Casting: Swiftness (dangerous; 10% risk of failure)
Confirm with . or Enter, or press ? or * to list all spells.
Flames lash the centaur.
The centaur is moderately wounded.
The centaur's fire resistance burns away.
The centaur shoots an arrow.
The arrow barely misses you.
Casting: Scorch (safe; 1% risk of failure)
Confirm with . or Enter, or press ? or * to list all spells.
Flames lash the centaur.
The centaur is burned terribly!
The centaur is heavily wounded.
The centaur shoots an arrow.
The arrow hits you but does no damage.
The centaur shoots an arrow.
The arrow hits you!
* * * LOW HITPOINT WARNING * * *
Casting: Scorch (safe; 1% risk of failure)
Confirm with . or Enter, or press ? or * to list all spells.
Flames lash the centaur.
The centaur is burned terribly!
The centaur is almost dead.
The centaur shoots an arrow.
The arrow completely misses you.
The arrow hits the orc priest!
Unknown command.
Casting: Scorch (safe; 1% risk of failure)
Confirm with . or Enter, or press ? or * to list all spells.
Flames lash the centaur.
The centaur is burned terribly!
You kill the centaur!
Vehumet accepts your kill.
Your Conjurations skill increases to level 7!
You have reached level 9!
Your experience leads to an increase in your attributes!
Increase (S)trength, (I)ntelligence, or (D)exterity?
You feel clever. x2
Casting: Scorch (safe; 1% risk of failure)
Confirm with . or Enter, or press ? or * to list all spells.
Flames lash the orc priest.
The orc priest is almost dead.
The orc priest's fire resistance burns away.
You start to feel a little slower.
The orc priest calls down the wrath of Beogh upon you.
Beogh smites you!
You die...

############..## #.
#.....o.@..).)..
#.##.##########....
#.##.# # #.##.#
#.##.# #.##.#
#..o.#
######..######
#.....>.......#


You could see an orc priest (combustible).

Vanquished Creatures
  Joseph (D:7)
  A hornet (D:8)
  2 yaks (D:8)
  A steam dragon (D:8)
  A water moccasin (D:8)
  An ice beast (D:7)
  A black bear (D:4)
  An ogre (D:4)
  A centaur (D:7)
  A scorpion (D:5)
  3 howler monkeys (D:8)
  A hound (D:5)
  A jelly (D:8)
  An orc priest (D:8)
  An iguana (D:5)
  4 orc wizards
  A gnoll (D:1)
  Robin (D:3)
  5 adders
  2 white imps
  An ufetubus (D:5)
  3 dart slugs
  26 orcs
  4 endoplasms
  3 giant cockroaches
  11 goblins
  9 hobgoblins
  6 kobolds
  2 quokkas
  9 ball pythons
  7 bats
  11 frilled lizards
  8 rats
131 creatures vanquished.

Vanquished Creatures (others)
  372 foxfires
372 creatures vanquished.

Grand Total: 503 creatures vanquished

Notes
Turn   | Place    | Note
-------+----------+-------------------------------------------
     0 | D:1      | greenreed the Deep Elf Fire Elementalist began the quest
                  | for the Orb.
     0 | D:1      | Reached XP level 1. HP: 10/10 MP: 6/6
    38 | D:1      | Reached XP level 2. HP: 11/15 MP: 4/8
   327 | D:1      | Found a faded altar of an unknown god.
   526 | D:1      | Reached XP level 3. HP: 19/19 MP: 6/10
  1323 | D:2      | Reached skill level 4 in Spellcasting
  1701 | D:2      | Reached XP level 4. HP: 24/24 MP: 9/12
  1970 | D:2      | Learned a level 2 spell: Scorch
  2024 | D:3      | Noticed Robin
  2029 | D:3      | Killed Robin
  3410 | D:4      | Found a basalt altar of Yredelemnul.
  3441 | D:4      | Reached XP level 5. HP: 28/28 MP: 10/14
  3578 | D:4      | Found a glowing golden altar of the Shining One.
  3612 | D:4      | Found a staircase to the Ecumenical Temple.
  3612 | D:4      | Noticed an ogre
  3617 | D:4      | Killed an ogre
  3618 | D:4      | Reached skill level 5 in Spellcasting
  3626 | Temple   | Entered the Ecumenical Temple
  3658 | Temple   | Became a worshipper of Vehumet
  3897 | D:4      | Found a glowing silver altar of Zin.
  4262 | D:4      | Noticed a black bear
  4271 | D:4      | Killed a black bear
  4272 | D:4      | Reached XP level 6. HP: 32/32 MP: 5/16
  4618 | D:5      | Entered Level 5 of the Dungeon
  4681 | D:5      | Reached skill level 6 in Spellcasting
  4727 | D:5      | Found an opulent altar of Gozag.
  5008 | D:5      | You fall into a shaft and drop 3 floors!
  5053 | D:8      | Reached XP level 7. HP: 36/36 MP: 18/18
  5305 | D:8      | Noticed a hornet
  5310 | D:8      | Killed a hornet
  5311 | D:8      | Reached skill level 5 in Dodging
  5311 | D:8      | Reached skill level 7 in Spellcasting
  5311 | D:8      | Reached skill level 5 in Conjurations
  5311 | D:8      | Reached skill level 5 in Fire Magic
  5518 | D:8      | Noticed a steam dragon
  5528 | D:8      | Killed a steam dragon
  5529 | D:8      | Reached XP level 8. HP: 9/41 MP: 21/21
  5822 | D:8      | Reached skill level 8 in Spellcasting
  5910 | D:8      | Learned a level 3 spell: Inner Flame
  5962 | D:8      | Reached * piety under Vehumet
  5962 | D:8      | Offered knowledge of Sandblast by Vehumet.
  5968 | D:8      | Learned a level 1 spell: Sandblast
  6073 | D:7      | Learned a level 3 spell: Swiftness
  6085 | D:7      | Noticed Joseph
  6096 | D:7      | Killed Joseph
  6097 | D:7      | Reached skill level 9 in Spellcasting
  6097 | D:7      | Reached skill level 1 in Air Magic
  6111 | D:7      | HP: 2/41 [centaur/arrow (10)]
  6114 | D:7      | Reached XP level 9. HP: 3/45 MP: 9/24
  6114 | D:7      | Killed from afar by an orc priest

Illustrated notes

Levels and vault maps discovered:
D:1:      beargit_arrival_greenhouse, layout_loops_ring,
          shapermc_ecumenical_altar_totnotflames, minmay_lizard_king
D:2:      layout_loops_ring, supply_closet_lemuel, kennysheep_generic_room_15
D:3:      layout_basic, uniq_robin
D:4:      layout_basic, mainiacjoe_overflow_six_doors_small, zin_treasury,
          mainiacjoe_overflow_paths, minmay_temple_entry_grid,
          hangedman_abyss_or_decor_passed
D:5:      layout_cave_pools, regret_index_temple_of_mockery,
          mainiacjoe_overflow_alcove_2, minivault_1, kennysheep_generic_room_6
D:7:      layout_loops_ring, uniq_maggie, uniq_jeremiah, uniq_joseph,
          uniq_menkaure
D:8:      layout_loops_corners, due_unseen_surprise
Temple:   hellmonk_temple_forest_ring

Skill      XL: |  1  2  3  4  5  6  7  8 |
---------------+-------------------------+-----
Dodging        | 3 4 5 6 |  6.2
Conjurations   | 2 3 4 5 7 |  7.0
Spellcasting   | 4 5 6 7 9 |  9.4
Fire Magic     | 4 5 6 |  6.2
Air Magic      | 1 |  1.5
Stealth        | |  2.8

Action                     |  1- 3 |  4- 6 |  7- 9 || total
---------------------------+-------+-------+-------++-------
  Melee: Unarmed           |     6 |       |       ||     6
   Cast: Foxfire           |    67 |   118 |    44 ||   229
         Scorch            |       |     7 |    33 ||    40
         Inner Flame       |       |       |     2 ||     2
         Swiftness         |       |       |     1 ||     1
 Armour: Robe              |    11 |     8 |    12 ||    31
  Dodge: Dodged            |    15 |    16 |     9 ||    40

Table legend: (Time is in decaauts)
 A = Elapsed time spent in this place.
 B = Non-inter-level travel time spent in this place.
 C = Inter-level travel time spent in this place.
 D = Time resting spent in this place.
 E = Time spent auto-exploring this place.
 F = Levels seen in this place.
 G = Mean time per level.
                   A        B        C        D        E       F      G
               +--------+--------+--------+--------+--------+-----+--------+
         Total |   6112 |   5949 |    163 |    185 |   4979 |   8 |  764.0 |
       Dungeon |   6071 |   5922 |    149 |    185 |   4956 |   7 |  867.3 |
        Temple |     40 |     26 |     14 |      0 |     23 |   1 |   40.0 |
               +--------+--------+--------+--------+--------+-----+--------+

Top non-repeatable levels by time:
     D:3: 1387 daAuts
     D:4: 1216 daAuts
     D:8: 1059 daAuts
     D:2: 1015 daAuts
     D:1: 957 daAuts
     D:5: 389 daAuts
     D:7: 45 daAuts
  Temple: 40 daAuts
